 Dungeon Crawl Stone Soup version 0.28-a0-422-gd71735cc25 (webtiles) character file.

Game seed: 3116382416637878399

822 heikuro the Shield-Bearer (level 8, -6/62 HPs)
             Began as a Formicid Fighter on Sept 9, 2021.
             Mangled by a vampire mosquito (10 damage)
             ... on level 7 of the Dungeon.
             The game lasted 00:09:21 (5565 turns).

heikuro the Shield-Bearer (Formicid Fighter)        Turns: 5565, Time: 00:09:22

Health: -6/62      AC: 12    Str: 23    XL:     8   Next: 17%
Magic:  8/8        EV: 11    Int:  8    God:
Gold:   270        SH:  9    Dex: 10    Spells: 7/7 levels left

rFire   . . .      SeeInvis +   a - +0 long sword
rCold   . . .      Faith    .   e - +0 kite shield
rNeg    . . .      Spirit   .   c - +0 chain mail
rPois   .          Reflect  .   (helmet unavailable)
rElec   .          Harm     .   (no cloak)
rCorr   .          Rampage  .   k - +0 pair of gloves
Will    +....                   r - +0 pair of boots
Stlth   ..........              (no amulet)
HPRegen 0.20/turn               b - ring of willpower
MPRegen 0.11/turn               l - +4 ring of evasion

@: no status effects
A: permanent stasis, dig shafts and tunnels, antennae 3, four strong arms
a: Dig, Shaft Self


You were on level 7 of the Dungeon.
You visited 1 branch of the dungeon, and saw 7 of its levels.

You collected 270 gold pieces.

Inventory:

Hand Weapons
 a - a +0 long sword (weapon)
 m - a +0 whip of venom
Missiles
 d - 2 throwing nets
Armour
 c - a +0 chain mail (worn)
 e - a +0 kite shield (worn)
 k - a +0 pair of gloves (worn)
 r - a +0 pair of boots (worn)
Jewellery
 b - a ring of willpower (left hand)
 l - a +4 ring of evasion (right hand)
 n - a ring of flight
Wands
 t - a wand of iceblast (7)
Scrolls
 g - 2 scrolls of vulnerability {unknown}
 h - a scroll of fog {unknown}
 o - a scroll of summoning {unknown}
 p - a scroll of acquirement {unknown}
 u - a scroll of magic mapping {unknown}
Potions
 f - 2 potions of curing
 i - a potion of heal wounds
 j - a potion of resistance
 q - a potion of magic
 s - a potion of attraction


   Skills:
 + Level 5.3 Fighting
 + Level 4.2 Long Blades
 + Level 5.3 Armour
 * Level 7.5 Shields


You had 7 spell levels left.
You didn't know any spells.
Your spell library contained the following spells:

 Spells                   Type           Power      Damage    Failure   Level
 Sublimation of Blood     Necr           0%         N/A       100%        2
 Wereblood                Tmut           0%         N/A       100%        2
 Frozen Ramparts          Ice            0%         1d2       100%        3
 Gell's Gravitas          Tloc           0%         N/A       100%        3
 Lesser Beckoning         Tloc           0%         N/A       100%        3
 Teleport Other           Tloc           0%         N/A       100%        3
 Ice Form                 Ice/Tmut       0%         N/A       100%        4
 Summon Ice Beast         Ice/Summ       0%         N/A       100%        4
 Summon Hydra             Summ           0%         N/A       100%        7


Dungeon Overview and Level Annotations

Branches:
Dungeon (8/15)
 Temple: D:4-7         Lair: D:8-11

Altars:
Vehumet
Beogh


Innate Abilities, Weirdness & Mutations

You cannot be hasted, slowed, berserked, paralysed or teleported.
You can dig through walls and to a lower floor.
You have a pair of large antennae on your head. (SInv)
Your four strong arms can wield two-handed weapons with a shield.


Message History

The vampire mosquito barely misses you.
You miss the vampire mosquito.
The vampire mosquito is lightly damaged.
You block the vampire mosquito's attack.
The vampire mosquito bites you.
The vampire mosquito draws strength from your injuries!
You hit the vampire mosquito.
The vampire mosquito is lightly damaged.
The vampire mosquito bites you.
* * * LOW HITPOINT WARNING * * *
The vampire mosquito draws strength from your injuries!
The vampire mosquito bites you but does no damage.
The vampire mosquito bites you.
* * * LOW HITPOINT WARNING * * *
The vampire mosquito draws strength from your injuries!
You closely miss the vampire mosquito.
The vampire mosquito closely misses you.
The vampire mosquito barely misses you.
You closely miss the vampire mosquito. The vampire mosquito bites you!
* * * LOW HITPOINT WARNING * * *
The vampire mosquito draws strength from your injuries!
The vampire mosquito bites you!
* * * LOW HITPOINT WARNING * * *
The vampire mosquito draws strength from your injuries!
Unknown command.
Aiming: Iceblast
Press: ? - help, Shift-Dir - straight line, p - vampire mosquito The mass of ice explodes!
The iceblast engulfs the vampire mosquito!
The vampire mosquito is heavily damaged.
The vampire mosquito bites you but does no damage.
The vampire mosquito completely misses you.
Aiming: Iceblast
Press: ? - help, Shift-Dir - straight line The mass of ice explodes!
The iceblast engulfs the vampire mosquito!
The vampire mosquito is almost destroyed.
The vampire mosquito bites you but does no damage.
The vampire mosquito bites you!
You die...

. ###.#
#####....#
#.........
##.........
#..@.......
##y........
#.........
#........^
#.........
#.........
#.........
##........


You could see a vampire mosquito.

Vanquished Creatures
  A water moccasin (D:5)
  A hornet zombie (D:5)
  A necrophage (D:4)
  A bullfrog (D:8)
  2 scorpions
  A water moccasin skeleton (D:4)
  A centaur zombie (D:4)
  An iguana (D:5)
  A centaur skeleton (D:5)
  Robin (D:3)
  3 adders
  6 gnolls
  2 white imps (D:5)
  A worm (D:2)
  3 dart slugs
  10 orcs
  5 ball pythons
  6 endoplasms
  3 giant cockroaches
  17 goblins
  8 hobgoblins
  2 quokkas
  4 bats
  6 frilled lizards
  9 kobolds
  4 rats
100 creatures vanquished.

Vanquished Creatures (others)
  7 plants (D:4)
7 creatures vanquished.

Grand Total: 107 creatures vanquished

Notes
Turn   | Place    | Note
-------+----------+-------------------------------------------
     0 | D:1      | heikuro the Formicid Fighter began the quest for the Orb.
     0 | D:1      | Reached XP level 1. HP: 18/18 MP: 1/1
   159 | D:1      | Reached XP level 2. HP: 20/24 MP: 2/2
   337 | D:1      | Reached skill level 4 in Shields
  1023 | D:2      | Reached XP level 3. HP: 28/29 MP: 3/3
  1522 | D:2      | Reached XP level 4. HP: 29/37 MP: 4/4
  2122 | D:3      | Noticed Robin
  2129 | D:3      | Killed Robin
  2143 | D:3      | Reached XP level 5. HP: 36/42 MP: 5/5
  2145 | D:3      | Reached skill level 5 in Shields
  2831 | D:4      | Reached XP level 6. HP: 48/48 MP: 6/6
  3331 | D:4      | Identified the +0 ring mail of Beogh's Wrath {rN+++ Will-
                  | Dex-5 Stlth+}
  3691 | D:4      | Reached skill level 6 in Shields
  3910 | D:4      | Noticed a necrophage
  3917 | D:4      | Killed a necrophage
  3918 | D:4      | Reached XP level 7. HP: 47/55 MP: 7/7
  4086 | D:5      | Entered Level 5 of the Dungeon
  4425 | D:5      | Reached skill level 5 in Fighting
  4425 | D:5      | Reached skill level 5 in Armour
  4592 | D:5      | Found a radiant altar of Vehumet.
  4603 | D:5      | Reached skill level 7 in Shields
  4911 | D:5      | Noticed a water moccasin
  4941 | D:5      | Killed a water moccasin
  4942 | D:5      | Reached XP level 8. HP: 32/62 MP: 8/8
  5303 | D:5      | You fall into a shaft and drop 3 floors!
  5497 | D:8      | Noticed a two-headed ogre
  5523 | D:8      | Noticed a two-headed ogre
  5524 | D:8      | Noticed a troll
  5565 | D:7      | Mangled by a vampire mosquito

Illustrated notes

Levels and vault maps discovered:
D:1:      wheals_arrival_shading, layout_basic
D:2:      layout_basic, hangedman_abyss_or_decor_lesser_grid, corexii_shack
D:3:      layout_basic, minmay_randomly_rotated_circles, uniq_robin
D:4:      layout_loops_corners, serial_bayou_lake_a
D:5:      layout_gridville, general_overflow_altar
D:7:      cheibrodos_fzero, layout_cave_pods, uniq_harold
D:8:      gammafunk_beogh_shrine, layout_basic, erik_lair_orcish_takeover,
          uniq_erica

Skill      XL: |  1  2  3  4  5  6  7 |
---------------+----------------------+-----
Shields        | 4 5 6 7 |  7.5
Armour         | 4 5 |  5.3
Fighting       | 4 5 |  5.3
Long Blades    | 3 4 |  4.2

Action                   |  1- 3 |  4- 6 |  7- 9 || total
-------------------------+-------+-------+-------++-------
Melee: Long sword        |   104 |   102 |    68 ||   274
       Whip              |       |    74 |    49 ||   123
 Abil: Dig               |     1 |       |       ||     1
       Shaft Self        |       |       |     1 ||     1
Evoke: Wand              |       |       |     2 ||     2
  Use: Scroll            |     1 |     4 |     2 ||     7
       Potion            |       |     1 |     1 ||     2
Armor: Scale mail        |     5 |       |       ||     5
       Chain mail        |    60 |    81 |    51 ||   192
Dodge: Dodged            |    29 |    88 |    76 ||   193
Block: Kite shield       |    67 |   110 |    66 ||   243

Table legend: (Time is in decaauts)
 A = Elapsed time spent in this place.
 B = Non-inter-level travel time spent in this place.
 C = Inter-level travel time spent in this place.
 D = Time resting spent in this place.
 E = Time spent auto-exploring this place.
 F = Levels seen in this place.
 G = Mean time per level.
                   A        B        C        D        E       F      G
               +--------+--------+--------+--------+--------+-----+--------+
         Total |   5720 |   5655 |     65 |   1237 |   2819 |   7 |  817.1 |
       Dungeon |   5720 |   5655 |     65 |   1237 |   2819 |   7 |  817.1 |
               +--------+--------+--------+--------+--------+-----+--------+

Top non-repeatable levels by time:
     D:4: 1321 daAuts
     D:5: 1237 daAuts
     D:1: 1035 daAuts
     D:3: 988 daAuts
     D:2: 873 daAuts
     D:8: 253 daAuts
     D:7: 10 daAuts
